 Dungeon Crawl Stone Soup version 0.19-a0-1932-g59670f6 (webtiles) character file.

414065 PurpleRed the Axe Maniac (level 22, -20/213 (215) HPs)
             Began as a Minotaur Fighter on Oct 25, 2016.
             Was the Champion of Makhleb.
             Demolished by an acid blob (24 damage)
             ... while paralysed by a floating eye
             ... on level 5 of the Pits of Slime.
             The game lasted 01:51:32 (34882 turns).

PurpleRed the Axe Maniac (Minotaur Fighter)        Turns: 34882, Time: 01:51:32

HP:   -20/213 (215) AC: 14    Str: 26    XL:     22   Next: 20%
MP:   16/21         EV:  2    Int: 10    God:    Makhleb [******]
Gold: 1399          SH:  0    Dex: 13    Spells: 5 memorised, 8 levels left

rFire  + + .     SeeInvis .     s - +7 battleaxe (vamp)
rCold  + . .     Gourm    +     M - +5 chain mail {MR+}
rNeg   . . .     Faith    .     (shield currently unavailable)
rPois  +         Spirit   .     z - +2 hat of the High Council {Archmagi, Wiz- Stlth-}
rElec  +         Reflect  .     N - +0 cloak of Jajexkann {*Corrode rPois rF++}
rCorr  +         Harm     .     y - +1 pair of gloves
MR     ++...                    t - +2 pair of boots
Stlth  ..........               D - amulet "Kueff" {Gourm *Contam rElec rPois Int+3}
                                Z - +3 ring of slaying
                                p - ring of Idosaoss {rCorr Int+2}

@: paralysed, corroded
A: retaliatory headbutt, claws 1, horns 2, large bone plates 1, molten scales 1,
cold resistance 1, screaming 1, weak 1, MP-powered wands
a: Minor Destruction, Lesser Servant of Makhleb, Major Destruction, Greater
Servant of Makhleb, Renounce Religion
}: 3/15 runes: decaying, serpentine, silver


You were on level 5 of the Pits of Slime.
You worshipped Makhleb.
Makhleb was exalted by your worship.
You were very full.

You visited 7 branches of the dungeon, and saw 41 of its levels.
You visited the Abyss 1 time.
You also visited: Labyrinth, Sewer and Ossuary.

You collected 4403 gold pieces.
You spent 3004 gold pieces at shops.

Inventory:

Hand Weapons
 s - a +7 vampiric battleaxe (weapon)
 v - a +3 battleaxe of freezing
 V - a +1 battleaxe of flaming
Missiles
 W - 4 throwing nets (quivered)
Armour
 t - a +2 pair of boots (worn)
 y - a +1 pair of gloves (worn)
 z - the +2 hat of the High Council (worn) {Archmagi, Wiz- Stlth-}
   (You acquired it on level 5 of the Vaults)

   It makes you less stealthy.
 M - a +5 chain mail of magic resistance (worn)
 N - the +0 cloak of Jajexkann (worn) {*Corrode rPois rF++}
   (You found it on level 5 of the Vaults)

   It greatly protects you from fire.
   It protects you from poison.
   It may corrode you when you take damage.
Jewellery
 m - an uncursed amulet of regeneration
 p - the ring of Idosaoss (left hand) {rCorr Int+2}
   (You found it on level 5 of the Vaults)

   [ring of resist corrosion]

   It affects your intelligence (+2).
 A - an uncursed ring of ice
 D - the amulet "Kueff" (around neck) {Gourm *Contam rElec rPois Int+3}
   (You bought it in a shop on level 9 of the Dungeon)

   [amulet of the gourmand]

   It allows you to eat raw meat even when not hungry.
   It affects your intelligence (+3).
   It insulates you from electricity.
   It protects you from poison.
   It causes magical contamination when unequipped.
 R - an uncursed amulet of rage
 S - an uncursed ring of flight
 Y - an uncursed ring of positive energy
 Z - a +3 ring of slaying (right hand)
Wands
 c - a wand of hasting (2/9)
 w - a wand of acid (3/15)
 H - a wand of iceblast (3/15)
 J - a wand of hasting (4/9)
 Q - a wand of teleportation (4/9)
 T - a wand of digging (12/24)
 X - a wand of disintegration (11/24)
Scrolls
 a - 15 scrolls of identify
 h - 9 scrolls of recharging
 j - 9 scrolls of remove curse
 l - 16 scrolls of teleportation
 o - 6 scrolls of fear
 u - 3 scrolls of fog
 x - 6 scrolls of blinking
 G - 4 scrolls of magic mapping
 K - 2 scrolls of amnesia
Potions
 b - 5 potions of haste
 d - 5 potions of might
 e - 3 potions of agility
 i - 7 potions of curing
 k - 6 potions of lignification
 n - 9 potions of heal wounds
 r - 2 potions of ambrosia
 B - 6 potions of cancellation
 C - 2 potions of resistance
 E - 7 potions of flight
 F - 2 potions of berserk rage
 L - a potion of invisibility
Books
 I - a book of Spatial Translocations

   Spells                             Type                      Level
   a - Blink                          Translocation                2
   b - Shroud of Golubria             Charms/Translocation         2
   c - Lesser Beckoning               Translocation                3
   d - Portal Projectile              Translocation                3
   e - Teleport Other                 Translocation                3
   f - Passage of Golubria            Translocation                4
Miscellaneous
 O - a lamp of fire
Comestibles
 f - 28 bread rations
 g - 23 meat rations
 q - a royal jelly
 P - 17 beef jerkies


   Skills:
 + Level 22.2 Fighting
 O Level 27 Axes
 + Level 22.1 Armour
 + Level 16.3 Dodging
   Level 3.6 Shields


You had 8 spell levels left.
You knew the following spells:

 Your Spells              Type           Power        Failure   Level  Hunger
a - Repel Missiles        Chrm/Air       #.....       99%         2    ###....
b - Blink                 Tloc           N/A          99%         2    ###....
c - Passage of Golubria   Tloc           N/A          100%        4    #####..
d - Regeneration          Chrm/Necr      #.........   100%        3    ####...
e - Song of Slaying       Chrm           #.......     99%         2    ###....


Dungeon Overview and Level Annotations

Branches:
Dungeon (15/15)            Temple (0/1) D:5            Lair (6/6) D:11
  Swamp (4/4) Lair:3        Snake (4/4) Lair:3        Slime (5/5) Lair:5
    Orc (2/2) D:12            Elf (0/3) Orc:2        Vaults (5/5) D:14
  Crypt (0/3) Vaults:2     Depths (0/5) D:15

Altars:
Ashenzari
Dithmenos
Gozag
Kikubaaqudgha
Makhleb
Qazlal
Ru
Sif Muna
Trog
Uskayaw
Vehumet
Xom
Beogh

Shops:
D:4 *}   D:7 !   D:9 *=*=*   D:12 !   Orc:1 [   Orc:2 ?(([   Snake:2 ?
Snake:4 :[?(


Innate Abilities, Weirdness & Mutations

You reflexively headbutt those who attack you in melee.
You have a pair of horns on your head.
You have sharp fingernails.
You are partially covered in large bone plates. (SH +4)
You are partially covered in molten scales. (AC +2)
Your flesh is cold resistant. (rC+)
You occasionally shout uncontrollably at your foes.
You are weak. (Str -2)
You expend magic power (3 MP) to strengthen your wands.


Message History

* * * LOW HITPOINT WARNING * * *
You are splashed with acid!
The acid burns!
You resist.
* * * LOW HITPOINT WARNING * * *
The acid blob hits you!!
* * * LOW HITPOINT WARNING * * *
You are splashed with acid!
The acid burns!
You resist.
* * * LOW HITPOINT WARNING * * *
The acid blob spits acid at you. The splash of acid hits you!
You are splashed with acid!
The acid burns!
You resist.
* * * LOW HITPOINT WARNING * * *
The death ooze hits you but does no damage. x2
The glowing orange brain pulsates ominously.
The acid blob spits acid at you. The splash of acid hits you! You resist.
* * * LOW HITPOINT WARNING * * *
You are splashed with acid!
The acid burns!
You resist.
* * * LOW HITPOINT WARNING * * *
The acid blob hits you!!
You die...

................
................
................
..........G.....
...........G....
........G.......
.......JJJ......
........@J.G....
................
...###..........
. ###........
###...... ......
...... ......


You could see 3 acid blobs, a shining eye, a glowing orange brain, a death ooze,
an eye of draining and a floating eye.

Vanquished Creatures
  Mara (Vaults:4)
  An ancient lich (Vaults:5)
  Vashnia (Snake:4)
  the Lernaean hydra (Swamp:4)
  A golden dragon (Vaults:5)
  The ghost of DemiseSR the Slayer, an adept MiBe of Trog (Vaults:5)
  2 tentacled monstrosities (Vaults:5)
  2 titans (Vaults:5)
  6 acid blobs
  An Executioner (Abyss:3)
  2 tentacled starspawn (Abyss:3)
  3 thorn hunters
  A sphinx (Vaults:4)
  4 shadow dragons (Vaults:5)
  A storm dragon (Vaults:5)
  4 tengu reavers (Vaults:5)
  2 azure jellies
  The ghost of Softman25 the Warrior, a journeyman HOFi of the Shining One (Orc:2)
  3 fire giants
  10 nagarajas
  5 frost giants
  An iron dragon (Vaults:5)
  11 vault wardens
  Louise (Snake:1)
  A war gargoyle (Vaults:5)
  A ghoul (Vaults:2)
  A deep elf elementalist (Vaults:5)
  An orc warlord (Vaults:2)
  20 ironheart preservers
  10 stone giants
  11 very ugly things
  2 entropy weavers
  A vampire knight (Vaults:2)
  Azrael (Orc:2)
  3 deep elf annihilators
  6 ettins
  An ettin (shapeshifter) (Vaults:5)
  A fire dragon (Vaults:3)
  3 deep elf death magi (Vaults:5)
  A minotaur (Lab)
  11 ogre magi
  6 yaktaur captains
  2 rakshasas
  5 great orbs of eyes
  5 ice dragons
  17 naga warriors
  33 vault guards
  21 hydras
  7 centaur warriors
  8 anacondas
  A catoblepas (D:14)
  A death knight (D:15)
  6 alligators
  A dancing weapon (Vaults:5)
  A thrashing horror (Abyss:3)
  3 death yaks (Lair:6)
  3 deep troll earth magi
  The ghost of moogleknight the Carver, a journeyman VSWr of Elyvilon (Lair:1)
  5 deep troll shamans
  9 naga sharpshooters
  4 shock serpents
  3 wretched stars (Abyss:3)
  2 shadow wraiths
  A spatial maelstrom (Abyss:3)
  A sixfirhy (Abyss:3)
  11 skeletal warriors
  A sea snake (shapeshifter) (Vaults:2)
  8 deep elf knights
  2 salamander mystics
  11 swamp dragons
  An unseen horror (shapeshifter) (Vaults:1)
  3 flayed ghosts
  A spriggan druid (Swamp:1)
  4 glowing orange brains
  4 unseen horrors
  A shambling mangrove (Swamp:3)
  12 naga ritualists
  13 deep trolls
  3 wizards
  19 ironbrand convokers
  A lindwurm (Lair:6)
  8 hill giants
  5 phantasmal warriors
  4 deep elf archers
  4 harpies (Vaults:2)
  6 wolf spiders
  29 ugly things
  24 orc knights
  3 orc sorcerers
  7 mana vipers
  17 deep elf magi
  2 manticores
  6 cyclopes
  A mana viper (shapeshifter) (Vaults:3)
  12 salamanders
  4 shining eyes
  4 necromancers
  A fire giant skeleton (Vaults:4)
  2 elephants (Lair:6)
  A salamander (shapeshifter) (Vaults:2)
  40 black mambas
  A water nymph (shapeshifter) (Vaults:5)
  18 naga magi
  7 gargoyles
  7 guardian serpents (Snake:4)
  A smoke demon (Abyss:3)
  18 spiny frogs
  17 vault sentinels
  A yaktaur (shapeshifter) (Vaults:5)
  7 rime drakes
  A komodo dragon (shapeshifter) (Vaults:3)
  15 yaktaurs
  10 komodo dragons
  6 freezing wraiths
  A yaktaur zombie (Vaults:4)
  2 kobold demonologists
  A yaktaur skeleton (Vaults:2)
  A queen bee (shapeshifter) (Vaults:2)
  A sphinx simulacrum (Vaults:1)
  A queen bee (D:11)
  2 jumping spiders
  10 trolls
  17 two-headed ogres
  6 tyrant leeches
  A polar bear (shapeshifter) (Vaults:2)
  3 raiju
  81 slime creatures
  10 bog bodies
  8 polar bears (Lair:6)
  10 blink frogs
  7 hornets
  7 hippogriffs
  2 dream sheep (Lair:6)
  5 spriggans
  A frost giant simulacrum (Vaults:2)
  2 ettin zombies (Vaults:2)
  4 redbacks
  A vampire (D:10)
  5 small abominations
  A spriggan (shapeshifter) (Vaults:5)
  A tarantella (Vaults:2)
  A ynoxinul (Abyss:3)
  A basilisk (shapeshifter) (Vaults:3)
  Eustachio (D:6)
  A wraith (D:15)
  2 fire elementals (Orc:2)
  A wyvern (Lair:6)
  4 basilisks
  27 yaks
  A hungry ghost (D:11)
  8 large abominations
  A hog (shapeshifter) (Vaults:3)
  A neqoxec (Abyss:3)
  A golden eye (shapeshifter) (Vaults:5)
  16 vampire mosquitoes
  A steam dragon (D:13)
  11 insubstantial wisps
  13 swamp worms
  3 mottled dragons
  47 nagas
  11 wargs
  3 soldier ants
  7 water moccasins
  The ghost of moogleknight the Slasher, an amateur VSWr (D:4)
  9 hell hounds
  A floating eye (shapeshifter) (Vaults:5)
  16 swamp drakes
  9 porcupines
  A porcupine (shapeshifter) (Vaults:5)
  15 black bears
  55 orc warriors
  An eye of draining (D:13)
  An ice beast (D:12)
  6 sky beasts
  A phantom (D:6)
  3 boggarts (Vaults:2)
  16 wolves
  37 ogres
  35 centaurs
  A necrophage (D:10)
  A crocodile (shapeshifter) (Vaults:3)
  12 crocodiles
  An elf zombie (D:7)
  5 big kobolds
  Blork the orc (D:6)
  20 bullfrogs
  A wyvern zombie (D:10)
  A gnoll sergeant (D:6)
  An elf skeleton (D:7)
  2 scorpions
  A wyvern skeleton (D:12)
  28 killer bees
  6 wights
  3 howler monkeys
  A vampire bat (D:5)
  2 crimson imps
  6 centaur zombies
  21 hounds
  8 jellies
  A bullfrog zombie (D:5)
  2 human zombies
  17 orc priests
  6 human skeletons
  4 centaur skeletons
  2 iguanas
  23 orc wizards
  9 worker ants
  2 hell rats (D:11)
  A big kobold zombie (Ossuary)
  4 hound skeletons
  4 mummies (Ossuary)
  11 gnolls
  A howler monkey zombie (D:8)
  3 worker ant zombies
  3 river rats
  11 adders
  A shadow imp (D:14)
  A white imp (Abyss:3)
  An ufetubus (Abyss:3)
  2 oozes
  3 worms
  5 dart slugs
  3 leopard geckos
  145 orcs
  6 giant cockroaches
  6 goblins
  4 hobgoblins
  A jackal (D:6)
  23 kobolds
  6 quokkas
  5 ball pythons
  14 bats
  9 frilled lizards
  A gnoll zombie (Ossuary)
  A goblin zombie (Ossuary)
  A hobgoblin zombie (Ossuary)
  A jackal zombie (D:6)
  3 orc zombies (Ossuary)
  13 rats
  5 briar patches (Swamp:4)
  3 fungi
  4 plants (Lair:6)
  4 starspawn tentacles (Abyss:3)
1728 creatures vanquished.

Vanquished Creatures (others)
  An ironheart preserver (Vaults:3)
  An ogre mage (Vaults:5)
  A deep elf archer (Vaults:5)
  An ugly thing (D:12)
  An orc warrior (Orc:2)
  An ogre (Vaults:5)
  A centaur (D:11)
  2 kobolds
  A fungus (Lair:4)
  7 plants
  2 starspawn tentacles (Abyss:3)
19 creatures vanquished.

Grand Total: 1747 creatures vanquished

Notes
Turn   | Place    | Note
-------+----------+-------------------------------------------
     0 | D:1      | PurpleRed the Minotaur Fighter began the quest for the Orb.
     0 | D:1      | Reached XP level 1. HP: 19/19 MP: 0/0
   130 | D:1      | Reached skill level 3 in Axes
   138 | D:1      | Reached XP level 2. HP: 23/27 MP: 1/1
   757 | D:2      | Reached XP level 3. HP: 33/33 MP: 2/2
   856 | D:2      | Reached skill level 4 in Axes
   914 | D:2      | Noticed a hand axe
   914 | D:2      | Noticed a dagger
   989 | D:2      | Found a hide-covered altar of Uskayaw.
  1111 | D:3      | Found a burning altar of Makhleb.
  1119 | D:3      | Found a sacrificial altar of Ru.
  1120 | D:3      | Found a deep blue altar of Sif Muna.
  1122 | D:3      | Found a bloodstained altar of Trog.
  1122 | D:3      | Found a shimmering altar of Xom.
  1125 | D:3      | Became a worshipper of Makhleb the Destroyer
  1148 | D:3      | Reached XP level 4. HP: 41/41 MP: 3/3
  1508 | D:3      | Noticed an ogre
  1511 | D:3      | Killed an ogre
  1511 | D:3      | Reached skill level 5 in Axes
  1511 | D:3      | Reached XP level 5. HP: 47/47 MP: 4/4
  1629 | D:4      | Reached skill level 5 in Fighting
  1655 | D:4      | Reached skill level 6 in Axes
  1823 | D:4      | Noticed moogleknight's ghost (amateur VSWr)
  1849 | D:4      | Killed moogleknight's ghost
  1849 | D:4      | Reached XP level 6. HP: 29/56 MP: 5/5
  2094 | D:4      | Reached skill level 7 in Axes
  2275 | D:4      | Found Zacsuf's Assorted Antiques.
  2282 | D:4      | Found Ughij's Gadget Emporium.
  2308 | D:4      | Bought a lumpy emerald potion for 25 gold pieces
  2308 | D:4      | Bought a ruby ring for 140 gold pieces
  2368 | D:4      | Reached * piety under Makhleb
  2487 | D:5      | Entered Level 5 of the Dungeon
  2512 | D:5      | Reached XP level 7. HP: 16/63 MP: 6/6
  2888 | D:5      | Reached skill level 8 in Axes
  2888 | D:5      | Reached skill level 5 in Armour
  2944 | D:5      | Found a glowing drain.
  2948 | Sewer    | Entered a sewer
  2972 | Sewer    | Reached ** piety under Makhleb
  3339 | D:5      | Found a staircase to the Ecumenical Temple.
  3619 | D:5      | Reached XP level 8. HP: 71/71 MP: 7/7
  3708 | D:6      | Reached skill level 9 in Axes
  3886 | D:6      | Noticed Blork the orc
  3894 | D:6      | Reached *** piety under Makhleb
  3894 | D:6      | Reached skill level 10 in Axes
  3902 | D:6      | Killed Blork the orc
  3931 | D:6      | Found a shattered altar of Ashenzari.
  4322 | D:7      | Noticed a gargoyle
  4331 | D:7      | Killed a gargoyle
  4331 | D:7      | Reached XP level 9. HP: 61/82 MP: 8/8
  4422 | D:7      | Found Lapp's Distillery.
  4427 | D:7      | Bought 2 potions of berserk rage for 150 gold pieces
  4592 | D:7      | Found a stormy altar of Qazlal.
  4614 | D:7      | Reached skill level 11 in Axes
  4755 | D:7      | Found a sand-covered staircase.
  4766 | Ossuary  | Entered an ossuary
  5134 | D:7      | Gained mutation: You are partially covered in large bone plates. (SH +4) [potion of beneficial mutation]
  5506 | D:6      | Noticed Eustachio
  5525 | D:6      | Killed Eustachio
  5537 | D:6      | Noticed a troll
  5537 | D:6      | Noticed a kobold demonologist
  5545 | D:6      | Reached **** piety under Makhleb
  5554 | D:6      | Killed a troll
  5554 | D:6      | Reached skill level 12 in Axes
  5561 | D:6      | Killed a kobold demonologist
  5562 | D:6      | Noticed a cyclops
  5566 | D:6      | Killed a cyclops
  5566 | D:6      | Reached XP level 10. HP: 85/91 MP: 9/9
  6103 | D:8      | Reached skill level 13 in Axes
  6203 | D:9      | Found Enolodwu's Jewellery Shop.
  6206 | D:9      | Bought a +5 amulet of reflection for 350 gold pieces
  6289 | D:9      | Found Fautaf's General Store.
  6292 | D:9      | Reached skill level 10 in Fighting
  6385 | D:9      | Found Xiliuvin's Assorted Antiques.
  6387 | D:9      | Found Deocielug's Jewellery Shoppe.
  6546 | D:9      | Found Qeoshr Xyge's General Store.
  6550 | D:9      | Bought a scroll of enchant weapon for 105 gold pieces
  6751 | D:9      | Found an ancient bone altar of Kikubaaqudgha.
  6784 | D:10     | Entered Level 10 of the Dungeon
  6785 | D:10     | Noticed a gargoyle
  6790 | D:10     | Killed a gargoyle
  6825 | D:10     | Reached ***** piety under Makhleb
  6928 | D:10     | Reached skill level 14 in Axes
  7052 | D:10     | Reached skill level 10 in Armour
  7402 | D:10     | Reached XP level 11. HP: 101/101 MP: 10/10
  7654 | D:11     | Noticed a hill giant
  7664 | D:11     | Killed a hill giant
  7683 | D:11     | Found a staircase to the Lair.
  7829 | D:11     | Found a labyrinth entrance.
  7860 | Lab      | Entered a labyrinth
  7960 | Lab      | Noticed a minotaur
  7972 | Lab      | Killed a minotaur
  8096 | D:11     | Reached skill level 15 in Axes
  8198 | D:11     | Killed an unseen horror
  8983 | D:11     | Killed an unseen horror
  9082 | D:12     | Noticed a cyan ugly thing
  9088 | D:12     | Killed a cyan ugly thing
  9094 | D:12     | Reached skill level 16 in Axes
  9094 | D:12     | Reached XP level 12. HP: 59/112 MP: 11/11
  9516 | D:12     | Reached ****** piety under Makhleb
  9535 | D:12     | Found a staircase to the Orcish Mines.
  9637 | D:12     | Noticed a six-headed hydra
  9658 | D:12     | Killed a seven-headed hydra
  9906 | D:12     | Noticed a fire giant
  9906 | D:12     | Noticed an ettin
  9920 | D:12     | Noticed a frost giant
  9922 | D:12     | Noticed an ogre mage
  9929 | D:12     | Killed a frost giant
  9937 | D:12     | Killed a fire giant
  9941 | D:12     | Killed an ogre mage
  9941 | D:12     | Reached skill level 17 in Axes
  9943 | D:12     | Killed an ettin
 10248 | D:12     | Found Zuivia's Distillery.
 10283 | D:12     | Bought a potion of might for 68 gold pieces
 10867 | D:13     | Noticed a six-headed hydra
 10880 | D:13     | Killed a 13-headed hydra
 10880 | D:13     | Reached XP level 13. HP: 113/122 MP: 12/12
 11217 | D:14     | Reached skill level 18 in Axes
 11418 | D:14     | Found a gate to the Vaults.
 11841 | D:15     | Entered Level 15 of the Dungeon
 11964 | D:15     | Reached skill level 19 in Axes
 12301 | D:15     | Reached XP level 14. HP: 124/133 MP: 13/13
 12627 | D:15     | Found a shadowy altar of Dithmenos.
 12637 | D:15     | Reached skill level 15 in Fighting
 12903 | D:15     | Found a staircase to the Depths.
 13038 | Orc:1    | Entered Level 1 of the Orcish Mines
 13115 | Orc:1    | Found Vutwa's Antique Armour Emporium.
 13366 | Orc:2    | Entered Level 2 of the Orcish Mines
 13414 | Orc:2    | Reached skill level 20 in Axes
 13457 | Orc:2    | Noticed Softman25's ghost (journeyman HOFi)
 13462 | Orc:2    | Noticed Azrael
 13468 | Orc:2    | Killed Softman25's ghost
 13478 | Orc:2    | Killed Azrael
 13534 | Orc:2    | Reached skill level 15 in Armour
 13835 | Orc:2    | Found Xoinagem's Weapon Shop.
 13835 | Orc:2    | Found Nilaex's Antique Weapon Emporium.
 13837 | Orc:2    | Found Ysafiz's Magic Scroll Shoppe.
 13839 | Orc:2    | Found Cufromp's Armour Boutique.
 13851 | Orc:2    | Bought a glowing battleaxe for 375 gold pieces
 13858 | Orc:2    | Bought a scroll of acquirement for 728 gold pieces
 13909 | Orc:2    | Found a staircase to the Elven Halls.
 13926 | Orc:2    | Found a roughly hewn altar of Beogh.
 14361 | Lair:1   | Entered Level 1 of the Lair of Beasts
 14373 | Lair:1   | Noticed moogleknight's ghost (journeyman VSWr)
 14382 | Lair:1   | Killed moogleknight's ghost
 15036 | Lair:1   | Gained mutation: Your flesh is cold resistant. (rC+) [potion of beneficial mutation]
 16012 | Lair:3   | Found a staircase to the Swamp.
 16121 | Lair:3   | Reached XP level 15. HP: 143/143 MP: 14/14
 16370 | Lair:3   | Reached skill level 21 in Axes
 16446 | Lair:3   | Found a staircase to the Snake Pit.
 17818 | Lair:5   | Found a staircase to the Slime Pits.
 18109 | Lair:6   | Entered Level 6 of the Lair of Beasts
 18595 | Lair:6   | Reached skill level 1 in Dodging
 18720 | Lair:6   | Found an opulent altar of Gozag.
 19523 | D:9      | Bought the amulet "Kueff" {Gourm *Contam rElec rPois Int+3} for 684 gold pieces
 19632 | Snake:1  | Entered Level 1 of the Snake Pit
 19899 | Snake:1  | Noticed Louise
 19909 | Snake:1  | Killed Louise
 20322 | Snake:1  | Noticed a nagaraja
 20332 | Snake:1  | Killed a nagaraja
 20340 | Snake:1  | Noticed a nagaraja
 20618 | Snake:2  | Found Umnaezeb's Magic Scroll Emporium.
 20621 | Snake:2  | Bought a scroll of enchant armour for 127 gold pieces
 20731 | Snake:2  | Reached skill level 22 in Axes
 20773 | Snake:2  | Reached skill level 5 in Dodging
 20894 | Snake:2  | Reached XP level 16. HP: 112/152 MP: 15/15
 22336 | Snake:4  | Entered Level 4 of the Snake Pit
 22348 | Snake:4  | Found Senasas's Weapon Emporium.
 22348 | Snake:4  | Found Fedy's Book Shoppe.
 22368 | Snake:4  | Found Muyvaps's Magic Scroll Emporium.
 22374 | Snake:4  | Found Hackomoa's Antique Armour Shoppe.
 22557 | Snake:4  | Noticed Vashnia
 22579 | Snake:4  | Reached skill level 23 in Axes
 23070 | Snake:4  | Killed Vashnia
 23284 | Snake:4  | Reached XP level 17. HP: 54/162 MP: 16/16
 23756 | Snake:4  | Got a serpentine rune of Zot
 24008 | Snake:4  | Got a pitted war axe
 24009 | Snake:4  | Identified the +4 war axe "Rigetz" {chop, rElec rF+} (You found it on level 4 of the Snake Pit)
 24303 | Snake:4  | Bought a pair of embroidered boots for 252 gold pieces
 24402 | Swamp:1  | Entered Level 1 of the Swamp
 24433 | Swamp:1  | Gained mutation: You are partially covered in molten scales. (AC +2) [potion of beneficial mutation]
 24712 | Swamp:1  | Learned a level 2 spell: Repel Missiles
 25243 | Swamp:2  | You fall through a shaft!
 25295 | Swamp:3  | Found a radiant altar of Vehumet.
 25344 | Swamp:3  | Reached skill level 24 in Axes
 25943 | Swamp:4  | Entered Level 4 of the Swamp
 26130 | Swamp:4  | Noticed the 27-headed Lernaean hydra
 26146 | Swamp:4  | Killed the 26-headed Lernaean hydra
 26146 | Swamp:4  | Reached XP level 18. HP: 173/173 MP: 17/17
 26167 | Swamp:4  | Reached skill level 10 in Dodging
 26420 | Swamp:4  | Got a decaying rune of Zot
 27517 | Vaults:1 | Entered Level 1 of the Vaults
 28327 | Vaults:1 | Learned a level 2 spell: Blink
 28681 | Vaults:2 | Reached skill level 25 in Axes
 28749 | Vaults:2 | Identified An Early Guide to Secret Knowledge
 28756 | Vaults:2 | Learned a level 4 spell: Passage of Golubria
 28894 | Vaults:2 | Found a staircase to the Crypt.
 29028 | Vaults:2 | Cast into level 3 of the Abyss (orc warlord)
 29100 | Abyss:3  | Reached XP level 19. HP: 114/183 MP: 18/18
 29160 | Abyss:3  | Found a corrupted altar of Lugonu.
 29350 | Vaults:2 | Escaped the Abyss
 29466 | Vaults:2 | Paralysed by a wizard for 7 turns
 30566 | Vaults:3 | Paralysed by an ogre mage for 7 turns
 30782 | Vaults:3 | Identified the +0 buckler of Vyequgao {-Tele rPois Dex+4 Stlth+} (You found it on level 3 of the Vaults)
 30916 | Vaults:3 | Reached skill level 26 in Axes
 31004 | Vaults:3 | Learned a level 3 spell: Regeneration
 31007 | Vaults:3 | Learned a level 2 spell: Song of Slaying
 31243 | Vaults:3 | Reached XP level 20. HP: 193/193 MP: 19/19
 31712 | Vaults:4 | Found a stormy altar of Qazlal.
 31761 | Vaults:4 | Noticed Mara
 31770 | Vaults:4 | Noticed PurpleRed's illusion
 32569 | Vaults:4 | Killed Mara
 32887 | Vaults:5 | Entered Level 5 of the Vaults
 32892 | Vaults:5 | Noticed an ancient lich
 32917 | Vaults:5 | Reached skill level 27 in Axes
 32920 | Vaults:5 | Killed an ancient lich
 32935 | Vaults:5 | Reached XP level 21. HP: 203/203 MP: 20/20
 33093 | Vaults:5 | Noticed DemiseSR's ghost (adept MiBe)
 33148 | Vaults:5 | Killed DemiseSR's ghost
 33148 | Vaults:5 | Reached skill level 15 in Dodging
 33189 | Vaults:5 | Got a pair of ichor-stained gloves
 33200 | Vaults:5 | Identified the cursed +0 pair of gloves of Eseg Symm {rPois} (You found it on level 5 of the Vaults)
 33555 | Vaults:5 | Got a warped cloak
 33566 | Vaults:5 | Identified the +0 cloak of Jajexkann {*Corrode rPois rF++} (You found it on level 5 of the Vaults)
 33690 | Vaults:5 | Got a sparkling ivory ring
 33692 | Vaults:5 | Identified the ring of Idosaoss {rCorr Int+2} (You found it on level 5 of the Vaults)
 33794 | Vaults:5 | Noticed a golden dragon
 33812 | Vaults:5 | Killed a golden dragon
 33833 | Vaults:5 | Got a silver rune of Zot
 34011 | Vaults:5 | Gained mutation: You have sharp fingernails. [a shining eye]
 34015 | Vaults:5 | Gained mutation: You are weak. (Str -2) [a shining eye]
 34134 | Vaults:5 | Got a wavering wooden ring
 34136 | Vaults:5 | Identified the ring "Vumnev" {rElec rPois rC- Stlth-} (You found it on level 5 of the Vaults)
 34707 | Slime:1  | Entered Level 1 of the Pits of Slime
 34760 | Slime:2  | Reached XP level 22. HP: 215/215 MP: 21/21
 34766 | Slime:2  | Gained mutation: You occasionally shout uncontrollably at your foes. [a shining eye]
 34806 | Slime:3  | Gained mutation: You expend magic power (3 MP) to strengthen your wands. [a shining eye]
 34849 | Slime:5  | Entered Level 5 of the Pits of Slime
 34879 | Slime:5  | Paralysed by a floating eye for 4 turns
 34882 | Slime:5  | HP: 10/213 [acid blob/splash of acid (4)]
 34882 | Slime:5  | HP: 4/213 [acid (6)]
 34882 | Slime:5  | Demolished by an acid blob

Vault maps used:
D:1:      dpeg_arrival_arbitrary_c
D:2:      dancing_weapons_uskayaw
D:3:      grunt_temple_overflow_open, first_bread
D:4:      cheibrodos_helix_gallery, serial_shops, nicolae_shop_stone,
          shop_statue
D:5:      gup_sewer_entry_bowl, roderic_batcave, moated_statue,
          nrook_loot_triangle
D:6:      minmay_klotski, old_standard_altar, uniq_eustachio, uniq_blork_the_orc
D:7:      nicolae_qazlal_general_emergency, nicolae_ossuary_entry_catacombs,
          serial_shops, kennysheep_little_box, minmay_misc_feat_pillars
D:9:      basic_altar, serial_shops, shop, shop, shop, kennysheep_mini, shop
D:11:     dpeg_lair_monsters, lab_entry_generic, special_room
D:12:     minmay_glassy_protrusions, hiddenorc2_lemuel, serial_shops,
          nicolae_shop_waterfront
D:14:     david_vaults_2, minmay_misc_feat_tiny
D:15:     grunt_enter_depths_magical_seal, minmay_misc_feat_doors,
          serial_aquarium, aquarium_bridge_square, aquarium_window_2,
          aquarium_window_fake, aquarium_view_2b, aquarium_balcony_1b,
          nicolae_dithmenos_shadow_blocks
Lair:3:   swamp_mist, minmay_snake_entry_guardpost_small, beast_lair_carwin_4
Lair:4:   grunt_megastairs_5
Lair:5:   minmay_slime_entry_pillars, st_stairs_7
Lair:6:   hangedman_lair_in_review, hangedman_lair_caniforms_friends,
          basic_altar
Swamp:1:  nicolae_swamp_trees_clearing, hangedman_swamp_blocks
Swamp:2:  evilmike_swamp_ruin_rubble_2
Swamp:3:  basic_altar, st_swamp_ruins_1
Swamp:4:  swamp_old_school
Snake:1:  uniq_louise
Snake:2:  serial_shops, nicolae_shop_stone
Snake:3:  nicolae_snake_serpentine_hallways, lemuel_fruit_tree
Snake:4:  johnstein_snake_rune_scales, minmay_shoptagon
Orc:1:    serial_shops, nicolae_shop_crystal
Orc:2:    st_orc_rangers, basic_altar, uniq_azrael
Vaults:1: vaults_room_guarded_vault, grunt_vaults_bifocal,
          hangedman_vaults_stretched_pinwheel, vaults_room_pools,
          nicolae_vaults_theta
Vaults:2: ontoclasm_vaults_ring_large, v_misc_24, nicolae_vaults_little_ls,
          minmay_crypt_entry_simple_round, hangedman_vaults_slice,
          grunt_vaults_twisty, special_room_vaults,
          nicolae_vaults_inception_corners, v_rooms_4, ontoclasm_vaults_pinch,
          nicolae_vaults_shelves_hall, v_misc_24, vaults_room_fancy_cross,
          nicolae_vaults_little_squares_1, dpeg_vaults_monster_row
Vaults:3: nicolae_vaults_lopsided_apartments, nicolae_vaults_big_ls, v_misc_25,
          nicolae_vaults_network_star, hangedman_vaults_impose,
          hangedman_vaults_stretched_pinwheel, vaults_dpeg_hooks,
          vaults_room_fours, v_misc_17, v_pattern_2, v_misc_2, v_misc_12
Vaults:4: nicolae_vaults_network_periphery, hangedman_vaults_pinch,
          vaults_room_fancy_cross, nicolae_vaults_ninety_degrees,
          hangedman_vaults_impose, ontoclasm_vaults_spin, v_pattern_5,
          nicolae_vaults_three_branches, nicolae_vaults_shelves_hall,
          ontoclasm_vaults_gateway, v_misc_22, vaults_room_octagon,
          vaults_dpeg_encased_lava, ontoclasm_vaults_decontamination,
          basic_altar, uniq_mara
Lab:      nicolae_lab_diamond, nicolae_lab_stuck, labyrinth_skeletal_remains,
          nicolae_lab_grate
Sewer:    sewer_co_15_rooms
Ossuary:  ossuary_crypta

Skill      XL: |  1  2  3  4  5  6  7  8  9 10 11 12 13 14 15 16 17 18 19 20 21 22 |
---------------+-------------------------------------------------------------------+-----
Axes           | 3 4 5 6 7 8 10 12 14 16 17 19 20 22 23 24 25 26 27 | 27.0
Fighting       | 4 5 6 8 9 10 12 13 14 15 16 17 18 19 20 22 | 22.2
Armour         | 4 5 7 8 10 11 12 14 15 16 17 18 19 20 21 22 | 22.1
Dodging        | 5 7 9 11 12 14 15 16 | 16.3
Shields        | |  3.6

Action                   |  1- 3 |  4- 6 |  7- 9 | 10-12 | 13-15 | 16-18 | 19-21 | 22-24 || total
-------------------------+-------+-------+-------+-------+-------+-------+-------+-------++-------
Melee: War axe           |   111 |   120 |   350 |   308 |       |       |       |       ||   889
       Headbutt          |    13 |    13 |    67 |   122 |   217 |   305 |   311 |    17 ||  1065
       Battleaxe         |       |       |       |   312 |  1014 |  1122 |   995 |    69 ||  3512
Evoke: Wand              |       |       |       |     8 |       |     2 |     2 |       ||    12
  Use: Scroll            |       |       |    26 |     8 |    10 |     5 |    18 |       ||    67
       Potion            |       |       |     3 |     4 |     2 |     7 |     7 |       ||    23
 Stab: Invisible         |       |       |       |       |       |     9 |       |       ||     9
  Eat: Chunk             |     1 |     4 |     9 |     8 |    12 |    13 |    31 |       ||    78
       Fruit             |       |       |     2 |     7 |     4 |     7 |     3 |       ||    23
       Royal jelly       |       |       |       |     3 |     8 |       |       |       ||    11
       Beef jerky        |       |       |       |     2 |     1 |     6 |       |       ||     9
       Pizza             |       |       |       |       |     2 |     1 |     2 |       ||     5
Armor: Scale mail        |    60 |    31 |       |       |       |       |       |       ||    91
       Chain mail        |       |    26 |   182 |   322 |   478 |   548 |   502 |    27 ||  2085
Dodge: Dodged            |    42 |    20 |    67 |   135 |   267 |   622 |   655 |    38 ||  1846
Block: Shield            |    60 |    51 |   183 |   209 |       |       |       |       ||   503
       Reflection        |       |       |       |    14 |    35 |       |       |       ||    49
       Other             |       |       |       |   143 |   299 |   145 |   148 |    10 ||   745
